[Event "Susha Chess Blitz Women 2022"]
[Site "Shusha"]
[Date "2022.09.24"]
[Round "10"]
[White "Zawadzka, Jolanta"]
[Black "Mammadzada, Gunay"]
[Result "1-0"]
[ECO "B52"]
[WhiteElo "2401"]
[BlackElo "2473"]
[Annotator "TA"]
[PlyCount "61"]
[EventDate "2022.09.24"]
[EventType "tourn"]
[EventCountry "AZE"]
[SourceTitle "playchess.com"]
[Source "ChessBase"]
[SourceQuality "1"]
[TimeControl "180+2"]

1. e4 c5 2. Nf3 d6 3. Bb5+ Bd7 4. Bxd7+ Nxd7 5. c3 {[%emt 0:00:02][%cal Bc2c3,Bc3d4][%mdl 32] [#]} Ne5 $146 ({Predecessor:} 5... Ngf6 6. Qe2 e6 7. d4 Be7 8. e5 Nd5 9. c4 Nb4 10. a3 Nc6 11. exd6 Bxd6 12. d5 Nce5 13. Nxe5 Nxe5 14. O-O {1-0 (58) Matlakov,M (2674)-Sarana,A (2675) Chess.com INT 2022}) 6. d4 {[%emt 0:00:51] B52: Sicilian: Moscow Variation with 3...Bd7.} Nxf3+ 7. Qxf3 e6 8. O-O {[%emt 0:00:02] White is slightly better.} cxd4 9. cxd4 Ne7 10. Nc3 {[%emt 0:00:02] White is more active.} Nc6 ({Better is} 10... Qd7 $14) 11. Qe3 Be7 12. d5 Ne5 13. dxe6 fxe6 14. Qh3 Qd7 15. f4 Nc6 16. f5 (16. Rd1 $16) 16... exf5 $1 $11 17. exf5 {[%emt 0:00:01] Qh5+ is the strong threat.} d5 (17... O-O $11 {keeps the balance.}) 18. Qh5+ $16 Kf8 $2 {[%emt 0:00:04][%mdl 8192] This move loses the game for Black.} (18... g6 $16 19. fxg6 Bc5+ 20. Kh1 O-O-O) 19. f6 $18 Bxf6 20. Nxd5 Qf7 {[%emt 0:00:04] [#]} 21. Nxf6 (21. Rxf6 $142 $1 Qxf6 22. Nxf6 gxf6 23. Bh6+ Ke7 24. Re1+ Ne5 25. Bg7 Rhe8 26. Qf5) 21... gxf6 22. Bh6+ Kg8 23. Qh4 f5 24. Rf3 Ne5 25. Rg3+ (25. Qg3+ $142 Ng6 26. Raf1 Rf8 27. Bxf8 Qxf8 28. Rxf5 Qe7 29. Qb3+ Kg7 30. Rf7+ Kh6 31. Rxe7) 25... Ng6 26. Qd4 (26. Rf1 $142 Re8 27. Qd4) 26... Qe7 27. Rf1 {[%emt 0:00:06] White mates.} Rd8 28. Qc4+ Qf7 29. Qc3 Qd7 {[%emt 0:00:01] [#]} 30. Rd3 $3 Qe7 (30... Kf7 31. Qg7+) 31. Rxd8+ {[%emt 0:00:01] Weighted Error Value: White=0.15 (very precise) /Black=0.68} 1-0

[Event "Susha Chess Blitz Women 2022"]
[Site "Shusha"]
[Date "2022.09.24"]
[Round "10"]
[White "Mammadova, Gulnar"]
[Black "Ozturk Orenli, Kubra"]
[Result "1/2-1/2"]
[ECO "C92"]
[WhiteElo "2382"]
[BlackElo "2319"]
[Annotator "TA"]
[PlyCount "28"]
[EventDate "2022.09.24"]
[EventType "tourn"]
[EventCountry "AZE"]
[SourceTitle "playchess.com"]
[Source "ChessBase"]
[SourceQuality "1"]
[TimeControl "180+2"]

1. e4 e5 2. Nf3 Nc6 3. Bb5 a6 4. Ba4 Nf6 5. O-O b5 6. Bb3 Be7 7. Re1 d6 8. c3 O-O 9. h3 {[%emt 0:00:01] [#]} {Predecessor:} Re8 $146 {C92: Closed Ruy Lopez: 9...Be6, Karpov and Flohr-Zaitsev Variations.} 10. d4 Bb7 11. Ng5 Rf8 12. Nf3 Re8 13. Ng5 Rf8 14. Nf3 Re8 {½-½ (14) Giri,A (2761)-Maghsoodloo,P (2699) Chess.com INT 2022} 1/2-1/2

[Event "Susha Chess Blitz Women 2022"]
[Site "Shusha"]
[Date "2022.09.24"]
[Round "10"]
[White "Balajayeva, Khanim"]
[Black "Fataliyeva, Ulviyya"]
[Result "1/2-1/2"]
[ECO "C15"]
[WhiteElo "2379"]
[BlackElo "2408"]
[Annotator "TA"]
[PlyCount "71"]
[EventDate "2022.09.24"]
[EventType "tourn"]
[EventCountry "AZE"]
[SourceTitle "playchess.com"]
[Source "ChessBase"]
[SourceQuality "1"]
[TimeControl "180+2"]

1. e4 e6 2. d4 d5 3. Nc3 Bb4 4. exd5 exd5 5. a3 Bxc3+ 6. bxc3 Nf6 {[%emt 0:00:26] C01: French: Exchange Variation.} 7. Bd3 O-O 8. Ne2 {[%emt 0:00:02] [#] Active counter play!} Ne4 $146 {[%emt 0:00:05] The position is equal.} ({Predecessor:} 8... Re8 9. O-O Ne4 10. Bf4 Bf5 11. f3 Nd6 12. Ng3 Bg6 13. Qd2 Nc6 14. Rfe1 Qd7 15. Rxe8+ Rxe8 {½-½ (30) Caruana,F (2835)-Nepomniachtchi,I (2784) chess24.com INT 2020}) 9. O-O Bf5 10. f3 Nd6 11. Ng3 Bxd3 12. cxd3 Qf6 13. Qd2 (13. Nh5 {with more complications.} Qh4 14. g4 g6 15. Nf4) 13... Nd7 14. Qf4 Qg6 15. Rd1 (15. Qg4 $5 Nb6 16. Qxg6 hxg6 17. a4 $11) 15... Rae8 16. h4 h6 17. a4 (17. h5 $5 Qe6 18. a4 $11) 17... Re6 18. h5 Qf6 19. Qxf6 $1 Nxf6 20. a5 a6 21. Ba3 Rfe8 22. Bxd6 Rxd6 23. Rdb1 Rb8 24. Rb3 b5 25. axb6 Rdxb6 26. Rba3 Rb1+ 27. Rxb1 Rxb1+ $11 {[%emt 0:00:01][%mdl 4096] Endgame KRN-KRN} 28. Kf2 Rb2+ 29. Kf1 Rc2 30. Ne2 Nxh5 31. Rxa6 (31. g4 $5 Nf6 32. Rxa6 $16) 31... Rd2 (31... f5 $11) 32. Rc6 {[%emt 0:00:18] White is slightly better.} Rxd3 33. Rxc7 Rd2 34. Rc5 Nf6 35. Nf4 Rc2 36. Nxd5 {[%emt 0:00:06] Weighted Error Value: White=0.09 (flawless) /Black=0.13 (very precise)} (36. Rc8+ $14 {deserves consideration.} Kh7 37. Rc5) 1/2-1/2

[Event "Susha Chess Blitz Women 2022"]
[Site "Shusha"]
[Date "2022.09.24"]
[Round "10"]
[White "Beydullayeva, Govhar"]
[Black "Dzagnidze, Nana"]
[Result "0-1"]
[ECO "D38"]
[WhiteElo "2346"]
[BlackElo "2526"]
[Annotator "TA"]
[PlyCount "49"]
[EventDate "2022.09.24"]
[EventType "tourn"]
[EventCountry "AZE"]
[SourceTitle "playchess.com"]
[Source "ChessBase"]
[SourceQuality "1"]
[TimeControl "180+2"]

1. d4 Nf6 2. c4 e6 3. Nf3 d5 4. Nc3 Bb4 5. Bg5 O-O 6. e3 c5 7. cxd5 exd5 {[%emt 0:00:03] D38: Queen's Gambit Declined: Ragozin Defence (4 Nf3 Bb4).} 8. dxc5 Bxc3+ {[%emt 0:00:24] has lost popularity (8...Nbd7).} 9. bxc3 Nbd7 {[%emt 0:00:01] White is slightly better.} 10. Qd4 Qa5 {[%emt 0:00:02] Inhibits Bb5.} 11. Bd3 {[%emt 0:00:12] Inhibits Ne4.} Ne4 12. O-O Ndxc5 {[%emt 0:00:25] [#] Hoping for ...Ne6. Pair of Knights!} 13. Be7 ({Much weaker is} 13. Qxd5 Nxc3 14. Qd4 Nxd3 15. Qxd3 Bf5 $15) 13... Re8 14. Bxc5 Nxc5 {[%emt 0:01:04] [#]} 15. Rfd1 $146 ({Predecessor:} 15. Qxd5 Be6 16. Bxh7+ Kxh7 17. Qh5+ Kg8 18. Ng5 Rad8 19. Rad1 Rxd1 20. Rxd1 Qxc3 21. Qh7+ {½-½ (44) Esipenko,A-Zakaryan,D (2014) Azov 2011}) 15... Nxd3 16. Qxd3 h6 17. Qxd5 Qxc3 18. Rac1 Qb2 19. Rc7 Be6 20. Qxb7 Qxa2 21. Nd4 Qa4 {[%emt 0:00:04][%cal Ra4d1] [#]} 22. Rdc1 Qa2 23. h3 (23. R7c2 $5 Rab8 24. Rxa2 Rxb7 25. Ra5 $14) 23... a5 24. Nxe6 Qxe6 25. R1c6 {[%mdl 32768] Weighted Error Value: White=0.08 (flawless) /Black=0.07 (flawless) . Loss on time!?} 0-1

[Event "Susha Chess Blitz Women 2022"]
[Site "Shusha"]
[Date "2022.09.24"]
[Round "11"]
[White "Efroimski, Marsel"]
[Black "Dzagnidze, Nana"]
[Result "1/2-1/2"]
[ECO "B50"]
[WhiteElo "2462"]
[BlackElo "2526"]
[Annotator "TA"]
[PlyCount "83"]
[EventDate "2022.09.24"]
[EventType "tourn"]
[EventCountry "AZE"]
[SourceTitle "playchess.com"]
[Source "ChessBase"]
[SourceQuality "1"]
[TimeControl "180+2"]

1. e4 c5 2. Nf3 d6 3. Nc3 Nf6 4. e5 dxe5 5. Nxe5 a6 6. g3 {[%emt 0:00:00] B50: Sicilian: 2...d6, Miscellaneous.} Nbd7 {[%emt 0:00:10] Recently 6...Qd6 got a lot of attention.} 7. d4 cxd4 8. Qxd4 Nxe5 9. Qxe5 g6 10. Bg2 {[%emt 0:00:51] [#] Threatens to win with Nd5.} Bg7 11. Nd5 {[%emt 0:00:14] [#]} (11. O-O $14) 11... O-O $146 ({Predecessor:} 11... Nh5 12. Qc7 Bh3 13. Qxb7 Bxg2 14. Nc7+ Qxc7 15. Qxc7 Bxh1 16. Bg5 O-O 17. O-O-O Bf3 {0-1 (31) Zhidkikh,D (2081)-Chistiakova,T (2207) Moscow 2002}) 12. O-O (12. Nxe7+ Kh8 13. Bg5 Ng4 $15) 12... Nxd5 13. Qxd5 Be6 ({Black should play} 13... Qxd5 $11 14. Bxd5 Rd8) 14. Qxb7 $14 Rb8 15. Qxa6 Bxb2 16. Bxb2 Rxb2 17. c4 (17. Qa7 $14) 17... Qd4 $11 {[%emt 0:00:03][%mdl 1024] Black has compensation.} 18. Rac1 Rfb8 19. c5 (19. a4 $11) 19... Rd2 (19... Rxa2 $17 20. Qc6 Rbb2) 20. Qa3 {[%emt 0:00:31] [#]} (20. Qa5 $11 {remains equal.}) 20... Rbb2 ({Better is} 20... Bc4 $1 $17 21. Qa4 (21. Qa7 $2 Rb4 $19) 21... Bxf1 22. Qxd4 Rxd4 23. Kxf1 Rc8) 21. Qf3 Bg4 (21... Bc4 $5 22. Rfd1 $8 Rbc2 $11) 22. Qf4 Qxf4 ({Don't do} 22... Rxa2 23. Qxd4 Rxd4 24. c6 $14) 23. gxf4 Rxa2 24. c6 Rac2 25. Rxc2 Rxc2 {[%emt 0:00:00][%mdl 4096] Endgame KRB-KRB} 26. Rb1 Kg7 27. h3 Bf5 28. Rb7 Kf6 29. Rb6 h5 30. c7+ {[%emt 0:00:02] The position is equal.} Kg7 31. Rc6 ({Don't play} 31. Rb7 Bc8 32. Ra7 Kf6 $17) 31... Rxc6 32. Bxc6 {[%emt 0:00:01] KB-KB} Bc8 {[%emt 0:00:00] Inhibits Bb7.} 33. h4 Kf6 34. Kg2 Ke6 35. Kg3 Kd6 36. Be8 Kxc7 37. Bxf7 Bf5 38. Bc4 Kd6 39. Bb5 Kc5 40. Be8 Kd4 41. Bf7 Ke4 42. Be8 {[%emt 0:00:01] Weighted Error Value: White=0.19 (very precise) /Black=0.15 (very precise)} 1/2-1/2

[Event "Susha Chess Blitz Women 2022"]
[Site "Shusha"]
[Date "2022.09.24"]
[Round "11"]
[White "Fataliyeva, Ulviyya"]
[Black "Arabidze, Meri"]
[Result "0-1"]
[ECO "B44"]
[WhiteElo "2408"]
[BlackElo "2422"]
[Annotator "TA"]
[PlyCount "118"]
[EventDate "2022.09.24"]
[EventType "tourn"]
[EventCountry "AZE"]
[SourceTitle "playchess.com"]
[Source "ChessBase"]
[SourceQuality "1"]
[TimeControl "180+2"]

1. Nf3 c5 2. e4 e6 3. d4 cxd4 4. Nxd4 Nc6 5. Nxc6 bxc6 6. Bd3 d5 7. Nc3 Nf6 8. O-O Be7 9. a3 {[%emt 0:00:07] B40: Sicilian: 2...e6, Unusual lines.} O-O {[%emt 0:00:03] [#]} 10. Qe1 $146 ({Predecessor:} 10. Bf4 Qb6 11. b4 Ba6 12. Qe2 Bxd3 13. cxd3 a5 14. exd5 cxd5 15. Rab1 axb4 16. axb4 {1-0 (49) Droin,A (2289)-Rakotomaharo,F (2422) Europe Echecs INT 2020}) 10... a5 11. Rb1 {[%emt 0:00:09] Black has an edge.} Ba6 12. Bxa6 Rxa6 13. b4 (13. Bf4 $15) 13... axb4 $17 14. axb4 Ra8 15. Bf4 Ra3 16. exd5 Nxd5 17. Nxd5 exd5 18. b5 cxb5 19. Rxb5 Bf6 20. Qd2 d4 21. Rd1 Rc3 {[%emt 0:00:17] [#]} (21... Qd7 $11 {keeps the balance.} 22. Rc5 Re8) 22. Bd6 $2 Re8 (22... Qxd6 $2 23. Qxc3 Qxh2+ 24. Kxh2 $18) (22... Qd7 $1 $15 23. Rd5 Rfc8) 23. Rb8 Qd7 24. Rxe8+ (24. h3 {seems wilder.} h6 25. Rxe8+ Qxe8 26. Re1) 24... Qxe8 25. Bb4 Rc8 26. Re1 Qc6 27. Re2 h6 28. h3 Qa6 29. g4 ({White should try} 29. Qd3 $11 Qa1+ 30. Kh2 (30. Re1 Qa4 $15)) 29... Bg5 (29... Qb7 $15) 30. Qd1 Bf6 31. Be7 $2 (31. Qd2 $11 {and White is okay.}) 31... Re8 $19 32. Qe1 $2 (32. Bxf6 Qxe2 33. Qxe2 Rxe2 34. Bxd4) 32... Qc4 33. Re4 (33. Kg2 $142 Qc6+ 34. Kg1) 33... Qxc2 34. f4 Rxe7 35. Rxe7 Bxe7 36. Qxe7 {[%emt 0:00:00][%mdl 4096] Endgame KQ-KQ} Qc1+ 37. Kg2 Qc2+ $2 (37... Qxf4 $19 38. Qd8+ Kh7) 38. Kg3 $2 (38. Kg1 $1 $11 {and White has nothing to worry.}) 38... Qd3+ 39. Kg2 g6 40. Qe8+ Kg7 {[%emt 0:00:02] Hoping for ...Qc2+.} 41. Qe5+ Kh7 {[%emt 0:00:01] aiming for ...Qc2+.} 42. Qe7 (42. Kh2 $17 {was the only defense.}) 42... Qc2+ 43. Kf3 Qc4 44. Qd7 $2 (44. Kf2) 44... Kg7 (44... Qd3+ $142 45. Kg2 Qe2+ 46. Kg1 Qe3+ 47. Kg2 Qxf4) 45. Qd6 $2 (45. Qe7 $19) 45... Qd3+ 46. Kf2 Qe3+ 47. Kg2 d3 48. Qa3 Qe2+ 49. Kg3 Qe3+ 50. Kg2 Qd4 {[%emt 0:00:02] Against Qc3. Black mates.} 51. Qc1 d2 52. Qd1 Qe3 53. f5 gxf5 54. gxf5 Kf6 55. Qa1+ Kxf5 56. Qa5+ Kg6 57. Qa6+ Kg7 58. Qf1 Qe4+ 59. Kg3 Qe1+ {Weighted Error Value: White=0.57/Black=0.30} 0-1

[Event "Susha Chess Blitz Women 2022"]
[Site "Shusha"]
[Date "2022.09.24"]
[Round "11"]
[White "Zawadzka, Jolanta"]
[Black "Ozturk Orenli, Kubra"]
[Result "1-0"]
[ECO "C55"]
[WhiteElo "2401"]
[BlackElo "2319"]
[Annotator "TA"]
[PlyCount "59"]
[EventDate "2022.09.24"]
[EventType "tourn"]
[EventCountry "AZE"]
[SourceTitle "playchess.com"]
[Source "ChessBase"]
[SourceQuality "1"]
[TimeControl "180+2"]

1. e4 e5 2. Nf3 Nc6 3. d4 exd4 4. Bc4 Nf6 5. e5 d5 6. Bb5 Ne4 7. Nxd4 Bd7 8. Bxc6 bxc6 9. O-O Bc5 10. f3 Ng5 11. f4 Ne4 12. Be3 O-O 13. Nd2 Nxd2 14. Qxd2 Qe7 ({Better is} 14... Bb6 $11) 15. Nb3 $14 {[%emt 0:00:04] C56: Two Knights: 4 d4 exd4 5 0-0 Nxe4.} Bb6 16. Qc3 (16. Rae1 $14 {deserves consideration.}) 16... f6 $11 17. Bc5 {[%emt 0:00:07] The position is equal.} Rae8 18. Kh1 Bxc5 19. Nxc5 fxe5 20. fxe5 {[%emt 0:00:02] [#]} Bg4 $146 (20... Bf5 $11 {feels stronger.}) ({Predecessor:} 20... Bf5 21. Rae1 Qg5 22. e6 Rf6 23. Rf2 Rg6 24. Qe5 Be4 25. Qxg5 Rxg5 26. Nxe4 Re5 {½-½ (57) Perez Gonzalez,J (2277)-Gil Quilez,D (2208) Madrid 2018}) 21. h3 $36 {[%emt 0:00:15][%mdl 2048] White has the initiative.} Bf5 22. Rae1 Qh4 23. e6 {[%emt 0:00:27] [#] Nd7 is the strong threat.} Bg6 24. Qe5 {[%emt 0:00:15] White is more active.} Rxf1+ 25. Rxf1 Rf8 $2 {[%emt 0:00:04] This move loses the game for Black.} (25... Qc4 $14 26. Nd3 Re7) 26. Rxf8+ $18 Kxf8 27. Qxc7 Qe1+ $2 (27... Be8 28. Nd7+ (28. Qxa7 Qe1+ 29. Kh2 Qe5+ 30. Kh1 Qe1+ 31. Kh2 Qe5+ 32. Kh1 Qe1+ $11) 28... Kg8 29. Qxc6 Qf2) 28. Kh2 {[%emt 0:00:01] [#] Intending Qd8+ and mate.} Qe3 29. Qd8+ Be8 30. Nd7+ {[%emt 0:00:01] Weighted Error Value: White=0.14 (very precise) /Black=0.79} 1-0

[Event "Susha Chess Blitz Women 2022"]
[Site "Shusha"]
[Date "2022.09.24"]
[Round "11"]
[White "Balajayeva, Khanim"]
[Black "Mammadova, Gulnar"]
[Result "1/2-1/2"]
[ECO "D02"]
[WhiteElo "2379"]
[BlackElo "2382"]
[Annotator "TA"]
[PlyCount "28"]
[EventDate "2022.09.24"]
[EventType "tourn"]
[EventCountry "AZE"]
[SourceTitle "playchess.com"]
[Source "ChessBase"]
[SourceQuality "1"]
[TimeControl "180+2"]

1. d4 d5 2. Nf3 Nf6 3. Bf4 Bf5 4. e3 e6 5. Bd3 Bxd3 6. Qxd3 Bd6 7. Bxd6 Qxd6 8. O-O {[%emt 0:00:02] D02: 1 d4 d5 2 Nf3 sidelines, including 2...Nf6 3 g3 and 2...Nf6 3 Bf4.} O-O 9. Nbd2 Nc6 10. c3 {[%emt 0:00:07] White is slightly better.} e5 {[%emt 0:00:03] The position is equal.} 11. dxe5 Nxe5 12. Nxe5 Qxe5 {[%emt 0:00:01] [#]} 13. Qd4 $146 ({Predecessor:} 13. Nf3 Qd6 14. Rad1 Rad8 15. Qc2 Qc5 16. Rd4 c6 17. Rfd1 Rde8 18. Nd2 Re5 19. b4 {1-0 (35) Teixidor Banus,J (1872)-Alcantarilla Lopez,D (1827) Blanes 2015}) 13... Qxd4 14. exd4 Rfe8 {[%emt 0:00:03] A rather calm draw.  Weighted Error Value: White=0.09 (flawless) /Black=0.12 (very precise)} 1/2-1/2

[Event "Susha Chess Blitz Women 2022"]
[Site "Shusha"]
[Date "2022.09.24"]
[Round "11"]
[White "Beydullayeva, Govhar"]
[Black "Mammadzada, Gunay"]
[Result "1/2-1/2"]
[ECO "E11"]
[WhiteElo "2346"]
[BlackElo "2473"]
[Annotator "TA"]
[PlyCount "101"]
[EventDate "2022.09.24"]
[EventType "tourn"]
[EventCountry "AZE"]
[SourceTitle "playchess.com"]
[Source "ChessBase"]
[SourceQuality "1"]
[TimeControl "180+2"]

1. d4 Nf6 2. c4 e6 3. Nf3 Bb4+ 4. Nbd2 b6 5. e3 Bb7 6. a3 Be7 7. Bd3 d5 8. O-O O-O 9. cxd5 exd5 10. b4 Nbd7 11. Bb2 {[%emt 0:00:01] E14: Queen's Indian: Classical Variation (4 e3).} Bd6 12. Ne5 c5 ({Black should play} 12... Qe7 $11) 13. bxc5 {[%emt 0:00:14] White is slightly better.} (13. Nxd7 {feels hotter.} Nxd7 14. dxc5 bxc5 15. Bf5) 13... bxc5 14. Nxd7 Nxd7 (14... Qxd7 $2 15. dxc5 Be7 16. Qc2 $18) 15. dxc5 (15. Qh5 Nf6 16. Qh4 c4 $15) 15... Nxc5 {[%emt 0:00:03] [#]} 16. Qg4 $146 ({Predecessor:} 16. Bc2 Qg5 17. Nf3 Qh5 18. Qd4 Ne6 19. Qh4 Qxh4 20. Nxh4 Rfc8 21. Rfc1 g6 22. Nf3 {1-0 (29) Schlaap,R (2183)-Meyer,J (1860) Nordrheinwestfalen 2011}) 16... f6 (16... g6 17. Be2) 17. Bf5 Bc8 18. Nf3 Qe7 19. Rad1 Ba6 (19... Rb8 $11 {keeps the balance.}) 20. Rfe1 Rad8 21. Nd4 {[%emt 0:00:10] aiming for Nc6. White is more active.} Qc7 {[%emt 0:00:33] Prevents Nc6.} 22. Qh3 g6 {[%emt 0:00:01] [#]} 23. Be6+ (23. Ne6 $1 $16 Nxe6 24. Bxe6+ Kg7 25. Bxd5 (25. Rxd5 Bc4 $14)) 23... Kh8 $11 24. Rc1 Qb7 25. Ba1 Nd3 (25... Bc4 $5) 26. Rb1 Qc7 27. Red1 Bxa3 $2 {[%emt 0:00:07] [#]} (27... Bc4 $14) 28. Bg4 $1 $18 {[%emt 0:00:04] Hoping for Ne6.} (28. Rb3 Be7 $11) 28... Rde8 29. Ne6 Qc2 30. Qf3 {[%emt 0:00:06] Really sharp!} (30. Nxf8 $6 Qxf2+ 31. Kh1 Bxf8) 30... Bb2 $2 (30... Ne5 31. Bxe5 fxe5 32. Nxf8 Rxf8) 31. Nxf8 Rxf8 32. Bxb2 Nxb2 33. Rdc1 Qd2 34. h4 (34. Rc7 $142 {Intending Qh3 and mate.} Qd3 35. Ra1) 34... f5 35. Bh3 Nd3 36. Rd1 Qc2 37. h5 Kg7 38. h6+ (38. Qxd5 Qxf2+ 39. Kh2 (39. Kh1 Qxe3 40. Rb3 Nf2+ 41. Kh2 Qf4+ 42. g3 Qc4 $16) 39... Qxe3 $14) 38... Kxh6 39. Rf1 $2 (39. Ra1 $18 {is more deadly.} Bb7 40. g4 (40. Rxa7 Rf7 $16)) 39... Kg7 (39... Qc4 $16) 40. Rfd1 $2 (40. Qxd5 $18 {Black must now prevent Qd4+.} Rf7 41. Qa5) 40... Rf7 (40... Kh6 $1 $11) 41. Ra1 ({White should try} 41. g3 $16) 41... Bc4 42. Qg3 (42. g3 $14 {might be stronger.}) 42... f4 {[%emt 0:00:03] The position is equal.} 43. exf4 Nxf4 {Strongly threatening ...Ne2+.} 44. Qe3 Nxh3+ 45. gxh3 a6 46. Qd4+ {[%emt 0:00:01][%mdl 1024] White has compensation.} Kh6 $1 (46... Kg8 47. Re1 Bb5 48. Re5 $16 (48. Qxd5 $2 Qxf2+ 49. Kh1 Be2 $19)) 47. Qe3+ Kg7 48. Qd4+ Kh6 $1 (48... Kg8 49. Re1 Bb5 50. Re5 $16 (50. Qxd5 $2 Qxf2+ 51. Kh1 Be2 $19)) 49. Qh4+ Kg7 50. Qd4+ Kh6 $1 ({Don't do} 50... Kg8 51. Re1 Bb5 52. Re5 $16 (52. Qxd5 $2 Qxf2+ 53. Kh1 Be2 $19)) 51. Qd2+ {[%emt 0:00:01] Black defended with fortune.  Weighted Error Value: White=0.42/Black=0.26 (precise)} 1/2-1/2

[Event "Susha Chess Blitz Women 2022"]
[Site "Shusha"]
[Date "2022.09.24"]
[Round "12"]
[White "Dzagnidze, Nana"]
[Black "Efroimski, Marsel"]
[Result "1/2-1/2"]
[ECO "A10"]
[WhiteElo "2526"]
[BlackElo "2462"]
[Annotator "TA"]
[PlyCount "88"]
[EventDate "2022.09.24"]
[EventType "tourn"]
[EventCountry "AZE"]
[SourceTitle "playchess.com"]
[Source "ChessBase"]
[SourceQuality "1"]
[TimeControl "180+2"]

1. c4 b6 2. Nc3 Bb7 3. d4 e6 4. e4 Bb4 5. f3 f5 6. exf5 Nh6 7. Bxh6 {[%emt 0:00:20] A40: Unusual replies to 1 d4.} Qh4+ {[%emt 0:00:01] [#]} 8. Kd2 $146 (8. g3 $11 Qxh6 9. Qd3) ({Predecessor:} 8. g3 Qxh6 9. Qd2 Qxd2+ 10. Kxd2 Nc6 11. fxe6 dxe6 12. Nge2 O-O-O 13. Ke3 Nxd4 14. Nxd4 Bc5 {0-1 (37) Voit,D (2390)-Paehtz,E (2464) Riadh 2017}) 8... Qxh6+ $15 ({Much worse is} 8... gxh6 9. Kc2 $11) 9. Kc2 {[%emt 0:00:00] Black is slightly better.} Bxc3 (9... Nc6 $1 $15) 10. Kxc3 (10. bxc3 $11 c5 11. Qd2) 10... exf5 (10... Nc6 $15) 11. Qd2 {[%emt 0:00:07] Qxh6 is the strong threat.} Qf6 12. Re1+ Kf7 13. Nh3 Rf8 (13... c5 $11) 14. Qg5 $1 $16 c5 15. Qxf6+ Kxf6 {[%emt 0:00:02] [#]} 16. d5 Bc8 (16... Na6 $16) 17. g4 d6 18. g5+ Kf7 19. Nf4 Na6 20. h4 {[%emt 0:00:08] And now h5 would win. White has more active pieces. The black rooks are badly placed.} Nc7 ({Better is} 20... Bd7) 21. Rh2 (21. h5 $142) 21... Bd7 22. Bd3 Rfe8 {[%emt 0:00:03] [#]} 23. Rhe2 ({White should play} 23. g6+ $1 $16 hxg6 24. Rg1) 23... Rxe2 $14 24. Rxe2 Re8 25. a3 Rxe2 26. Bxe2 $11 {[%emt 0:00:04][%mdl 4096] Endgame KBN-KBN} a5 27. Bd3 g6 28. b3 Na6 29. Bc2 Bc8 30. Bd3 Bd7 $1 31. Ng2 Bc8 32. Ne3 Bd7 33. f4 Bc8 34. Nc2 Bd7 35. b4 (35. h5 $14 {is more appropriate.}) 35... axb4+ (35... cxb4+ $11 36. axb4 Ba4) 36. axb4 $14 cxb4+ 37. Nxb4 Nxb4 38. Kxb4 $11 {[%emt 0:00:01] KB-KB} Ke7 39. Bc2 Kd8 40. Ba4 ({White should try} 40. Bd1 $14) 40... Bxa4 {[%emt 0:00:02] The position is equal.} 41. Kxa4 Kc7 42. Kb5 Kb7 43. Kb4 {[%emt 0:00:03] White threatens Kb5 and mate.} Kb8 44. Ka4 Ka7 {[%emt 0:00:01] Black escapes into a draw.  Weighted Error Value: White=0.24 (precise) /Black=0.19 (very precise)} 1/2-1/2

[Event "Susha Chess Blitz Women 2022"]
[Site "Shusha"]
[Date "2022.09.24"]
[Round "12"]
[White "Mammadzada, Gunay"]
[Black "Beydullayeva, Govhar"]
[Result "0-1"]
[ECO "B90"]
[WhiteElo "2473"]
[BlackElo "2346"]
[Annotator "TA"]
[PlyCount "70"]
[EventDate "2022.09.24"]
[EventType "tourn"]
[EventCountry "AZE"]
[SourceTitle "playchess.com"]
[Source "ChessBase"]
[SourceQuality "1"]
[TimeControl "180+2"]

1. e4 c5 2. Nf3 d6 3. d4 cxd4 4. Nxd4 Nf6 5. Nc3 a6 6. Bd3 Nc6 7. Nxc6 bxc6 8. O-O {[%emt 0:00:34] 8.0-0 has become a bit dusty these days.} g6 {[%emt 0:00:10] B90: Sicilian Najdorf: Unusual White 6th moves, 6 Be3 Ng4 and 6 Be3 e5.} 9. a4 (9. b3 $14) 9... a5 $11 10. Qe2 Bg7 {[%emt 0:00:01] The position is equal.} 11. e5 dxe5 12. Qxe5 O-O 13. Qc5 Qd6 14. Qxd6 exd6 15. Bf4 Rd8 16. Rab1 {[%emt 0:00:13] [#]} Rb8 $146 ({Predecessor:} 16... Be6 17. Bg3 Rab8 18. Ne4 Nxe4 19. Bxe4 Rb4 20. Bxc6 Rc8 21. c3 Bxc3 22. bxc3 Rxb1 23. Rxb1 Rxc6 24. h3 {½-½ (24) Oehne,T (2140)-Raum,S (2124) Germany 2017}) 17. b3 Ng4 18. Ne4 Be5 19. Bg5 f6 $1 20. Bh4 {[%emt 0:00:28] [#]} (20. Bd2 $11 {remains equal.}) 20... d5 $1 $17 ({Don't play} 20... Bxh2+ $6 21. Kh1 Be5 22. f3 $11) 21. Nd2 Bxh2+ 22. Kh1 Be5 23. Nf3 Bd6 24. Nd4 Bd7 25. Rfe1 (25. f3 $17 Ne5 26. Bxf6) 25... Re8 26. Kg1 (26. Rxe8+ $17 {was called for.} Rxe8 27. f3) 26... Bc5 (26... Rxe1+ $19 27. Rxe1 Kf7) 27. Nf3 Bd6 {[%emt 0:00:22] Black is more active.} 28. Nd4 $1 Kg7 29. f3 {[%emt 0:00:03] Threatens to win with Rxe8.} Bc5 30. c3 Ne5 $36 {[%mdl 2048] Black has strong initiative.} 31. Bf1 Bf5 (31... g5 $19 32. Bf2 h5) 32. Rbd1 (32. Ra1 $17) 32... Bc2 $1 $19 33. Rd2 Bxb3 34. Bf2 Bxd4 ({Not} 34... Bxa4 35. Ra2 Bb3 36. Rxa5) 35. Bxd4 {[%emt 0:00:03] [#]} (35. cxd4 Nc4 36. Rde2 Rxe2 37. Bxe2) 35... Nxf3+ $1 {[%emt 0:00:01][%mdl 512] Weighted Error Value: White=0.47/Black=0.21 (precise)} 0-1